 Dungeon Crawl Stone Soup version 0.30-a0-908-g5a111fc481 (webtiles) character file.

Game seed: 16750980390042096385

29 sanka the Chopper (level 3, 0/33 HPs)
             Began as a Hill Orc Monk on Mar 19, 2023.
             Slain by Natasha (8 damage)
             ... on level 2 of the Dungeon.
             The game lasted 00:01:49 (1154 turns).

sanka the Chopper (Hill Orc Monk)                   Turns: 1154, Time: 00:01:50

Health: 0/33       AC:  2    Str: 15    XL:     3   Next: 16%
Magic:  3/3        EV: 12    Int: 10    God:
Gold:   53         SH:  0    Dex: 13    Spells: 2/2 levels left

rFire   . . .      SeeInvis .    a - +0 hand axe
rCold   . . .      Faith    .    (no shield)
rNeg    . . .      Spirit   .    b - +0 robe
rPois   .          Reflect  .    (no helmet)
rElec   .          Rampage  .    (no cloak)
rCorr   .                        (no gloves)
Will    .....                    (no boots)
Stlth   ++                       (no amulet)
HPRegen 0.25/turn                (no ring)
MPRegen 0.08/turn                (no ring)

@: no status effects
A: no striking features
a: no special abilities


You were on level 2 of the Dungeon.
You visited 1 branch of the dungeon, and saw 2 of its levels.

You collected 53 gold pieces.


   Skills:
 + Level 4.1 Fighting
 * Level 5.2 Axes
 - Level 2.4 Dodging
 - Level 1.5 Stealth


You had 2 spell levels left.
You didn't know any spells.
Your spell library contained the following spells:

 Spells                   Type           Power      Damage    Failure   Level
 Inner Flame              Hex/Fire       0%         N/A       75%         3
 Cause Fear               Hex            0%         N/A       98%         4
 Discord                  Hex            0%         N/A       100%        8

Inventory:

Hand Weapons
 a - a +0 hand axe (weapon)
Armour
 b - a +0 robe (worn)
Scrolls
 d - a scroll of identify {unknown}
 f - 3 scrolls of teleportation {unknown}
 g - a scroll of blinking {unknown}
 h - a scroll of noise {unknown}
 i - a scroll of amnesia {unknown}
 j - a scroll of brand weapon {unknown}
 k - a scroll of fear {unknown}
 l - a scroll of immolation {unknown}
 p - a scroll of enchant weapon {unknown}
Potions
 c - a potion of ambrosia
 e - a potion of attraction {unknown}
 m - a potion of invisibility {unknown}
 n - a potion of might {unknown}
 o - a potion of haste {unknown}

Dungeon Overview and Level Annotations

Branches:
Dungeon (2/15)

Altars:

Annotations:
D:2 Natasha

▒▒▒▒▒▒▒▒▒.▒▒.▒▒▒.
▒.........▒▒.▒...
▒.▒▒▒▒▒▒▒▒▒▒.▒.▒▒
▒.▒ ▒...▒G ▒.▒
▒▒▒▒▒▒▒▒.▒▒ ▒.▒
........... ▒.▒ ▒
▒▒▒.......
▒▒▒▒▒▒▒.▒..▒
▒.......
▒....ho....▒
▒.....▒▒
▒....55>...▒
▒▒▒▒▒.▒G
▒..5.......▒ ▒.▒▒
▒..........▒ ▒...
▒......>...▒ ▒▒▒▒
.......[....+ .
▒▒..........▒ ▒
▒..........▒


You could see an iron imp (summoned), Natasha, a white imp (summoned) and a
shadow imp (summoned).


Message History

You barely miss Natasha.
Natasha mumbles some strange words.
The white imp summons a swarm of flies.
Unknown command.
You hit Natasha but do no damage. Natasha claws you.
Unknown command.
You hit Natasha.
Natasha is moderately wounded.
You closely miss the white imp. You barely miss the shadow imp.
Natasha casts a spell.
The shadow imp gestures at you. Pain shoots through your body!
* * * LOW HITPOINT WARNING * * *
The white imp hits you but does no damage.
You closely miss Natasha.
Natasha is moderately wounded.
You hit the shadow imp. You hit the white imp. Natasha claws you!
* * * LOW HITPOINT WARNING * * *
The shadow imp misses you. The white imp misses you.
You completely miss Natasha.
Natasha is moderately wounded.
You barely miss the white imp.
You hit the shadow imp but do no damage.
Natasha claws you!
You die...

Action                     || total
---------------------------++-------
  Melee: Hand axe          ||   102
   Stab: Sleeping          ||     2
 Armour: Robe              ||    13
  Dodge: Dodged            ||    68

Levels and vault maps discovered:
D:1:      sevenhm_arrival_forest_fort_small_6, layout_basic,
          minmay_stone_trees_medium
D:2:      minmay_roachtagon, layout_basic,
          hellmonk_ecumenical_altar_watching_god, uniq_natasha

Notes
Turn   | Place    | Note
-------+----------+-------------------------------------------
     0 | D:1      | sanka the Hill Orc Monk began the quest for the Orb.
     0 | D:1      | Reached XP level 1. HP: 19/19 MP: 1/1
   173 | D:1      | Reached XP level 2. HP: 22/27 MP: 2/2
   339 | D:1      | Reached skill level 4 in Fighting
   475 | D:1      | Reached skill level 5 in Axes
   733 | D:1      | Reached XP level 3. HP: 27/33 MP: 3/3
  1092 | D:2      | Noticed a floating eye
  1100 | D:2      | Found a faded altar of an unknown god.
  1102 | D:2      | Noticed a shining eye
  1102 | D:2      | Noticed a shining eye
  1102 | D:2      | Noticed a great orb of eyes
  1146 | D:2      | Noticed Natasha
  1154 | D:2      | Slain by Natasha

Vanquished Creatures
  2 ball pythons
  2 endoplasms (D:1)
  2 giant cockroaches (D:1)
  4 goblins (D:1)
  4 hobgoblins (D:1)
  2 kobolds (D:1)
  2 quokkas (D:1)
  2 bats (D:1)
  3 frilled lizards (D:1)
  2 rats (D:1)
25 creatures vanquished.
